 Dungeon Crawl Stone Soup version 0.30.1-11-g7821555f0a (webtiles) character file.

Game seed: 9935782284864382429

45192 woodworker the Acrobat (level 14, -20/88 HPs)
             Began as a Merfolk Gladiator on Dec 5, 2023.
             Was the Champion of Okawaru.
             Demolished by a sun demon (25 damage)
             ... on level 2 of the Abyss on Dec 6, 2023.
             The game lasted 00:46:36 (15724 turns).

woodworker the Acrobat (Merfolk Gladiator)         Turns: 15724, Time: 00:46:37

Health: -20/88     AC: 17    Str: 15      XL:     14   Next: 32%
Magic:  11/11      EV: 46    Int:  7 (8)  God:    Okawaru [******]
Gold:   683        SH: 10    Dex: 35 (36) Spells: 13/13 levels left

rFire   x x x        g - +5 dagger "Zikh" {drain, Dex+4 SInv}
rCold   x x x        h - +2 buckler {rN+}
rNeg    + . .        T - +5 steam dragon scales
rPois   .            j - +0 helmet {SInv}
rElec   .            I - +1 cloak
rCorr   .            S - +2 pair of gloves
SInv    +            E - +3 pair of seven-league boots {Rampage+∞}
Will    +....        (no amulet)
Stlth   +++          a - +6 ring of dexterity
HPRegen 0.34/turn    c - ring "Mylokh" {Str+5 Dex+6}
MPRegen 0.12/turn

%: random rage (9%), rampage+∞
@: on berserk cooldown, slowed, very slow
A: (nimble swimmer 2), mertail, [berserk 2], [deformed body], [deterioration 2],
[frail 2], [low MP 2], [screaming 2], [weak 2], [cold vulnerability 3], [heat
vulnerability 3]
a: Renounce Religion, Heroism, Finesse, Duel


You were on level 2 of the Abyss.
You worshipped Okawaru.
Okawaru was exalted by your worship.
You visited 2 branches of the dungeon, and saw 15 of its levels.
You visited the Abyss 1 time.

You collected 798 gold pieces.
You spent 115 gold pieces at shops.

Inventory:

Hand Weapons
 b - a +6 long sword
 g - the +5 dagger "Zikh" (weapon) {drain, Dex+4 SInv}
   (You found it on level 3 of the Dungeon)

   Dex:       It affects your dexterity (+4).
   SInv:      It lets you see invisible.
Missiles
 d - 3 throwing nets (quivered)
 e - 5 javelins
 t - 36 poisoned darts
 L - 3 silver javelins
Armour
 h - a +2 buckler of positive energy (worn)
 i - a +0 pair of boots
 j - a +0 helmet of see invisible (worn)
 E - the +3 pair of seven-league boots (worn) {Rampage+∞}
   (You found it on level 1 of the Lair of Beasts)

   Rampage+∞: When moving toward enemies, its wearer moves as far as possible,
   alerting their target en route.
 I - a +1 cloak (worn)
 J - +0 fire dragon scales
 S - a +2 pair of gloves (worn)
 T - +5 steam dragon scales (worn)
 U - a scarf of invisibility
Jewellery
 a - a +6 ring of dexterity (left hand)
 c - the ring "Mylokh" (right hand) {Str+5 Dex+6}
   (You acquired it on level 9 of the Dungeon)

   [ring of dexterity]

   Str:       It affects your strength (+5).
   Dex:       It affects your dexterity (+6).
 o - a ring of see invisible
 x - a ring of wizardry
 y - a ring of protection from cold
 N - an amulet of magic regeneration
 Q - a +6 ring of strength
 W - a +6 ring of dexterity
Wands
 C - a wand of polymorph (5)
 D - a wand of flame (30)
 O - a wand of acid (3)
 V - a wand of paralysis (4)
Scrolls
 f - 3 scrolls of torment
 k - 4 scrolls of amnesia
 l - 4 scrolls of vulnerability
 m - 4 scrolls of teleportation
 n - 2 scrolls of enchant weapon
 p - a scroll of poison
 q - 2 scrolls of noise
 s - 7 scrolls of identify
 w - 2 scrolls of summoning
 H - 3 scrolls of fear
Potions
 r - 2 potions of mutation
 u - 5 potions of lignification
 v - 3 potions of berserk rage
 z - 2 potions of brilliance
 A - 3 potions of heal wounds
 B - 2 potions of haste
 F - 8 potions of curing
 G - 2 potions of magic
 K - 3 potions of cancellation
 M - a potion of resistance
 P - 3 potions of attraction
 R - 3 potions of might


   Skills:
 + Level 10.3 Fighting
 - Level 9.1(10.0) Short Blades
 - Level 6.2(8.5) Long Blades
 - Level 2.0 Throwing
 * Level 25.4 Dodging
 - Level 5.0 Shields


You had 13 spell levels left.
You didn't know any spells.
Your spell library contained the following spells:

 Spells                   Type           Power      Damage    Failure   Level
 Freeze                   Ice            0%         1d3       52%         1
 Kiss of Death            Conj/Necr      0%         2d5       52%         1
 Necrotise                Necr           0%         1d4       52%         1
 Sting                    Tmut/Pois      0%         1d3       52%         1
 Poisonous Vapours        Pois/Air       0%         N/A       65%         2
 Confusing Touch          Hex            0%         N/A       87%         3
 Frozen Ramparts          Ice            0%         1d1       87%         3
 Hailstorm                Conj/Ice       0%         3d3       87%         3
 Mephitic Cloud           Conj/Pois/Air  0%         N/A       87%         3
 Vampiric Draining        Necr           0%         2d6       87%         3
 Vhi's Electric Charge    Tloc/Air       0%         N/A       87%         3
 Volatile Blastmotes      Fire/Tloc      0%         2d10      87%         3
 Anguish                  Hex/Necr       0%         N/A       99%         4
 Dispel Undead            Necr           0%         3d6       99%         4
 Fulminant Prism          Conj/Hex       0%         3d5       99%         4
 Iskenderun's Mystic Bla  Conj/Tloc      0%         2d3       99%         4
 Olgreb's Toxic Radiance  Pois           0%         N/A       99%         4
 Agony                    Necr           0%         N/A       100%        5
 Arcjolt                  Conj/Air       0%         1d10      100%        5
 Freezing Cloud           Conj/Ice/Air   0%         6-21      100%        5
 Lee's Rapid Deconstruct  Erth           0%         3d4*      100%        5
 Storm Form               Tmut/Air       0%         N/A       100%        7
 Maxwell's Capacitive Co  Air            0%         ∞         100%        8
 Necromutation            Tmut/Necr      0%         N/A       100%        8
 Summon Lightning Spire   Summ/Air       Unusable   N/A       N/A         4
 Death Channel            Necr           Unusable   N/A       N/A         6

Dungeon Overview and Level Annotations

Branches:
Dungeon (10/15)            Temple (0/1) D:6            Lair (5/5) D:8
 Shoals (0/4) Lair:2        Snake (0/4) Lair:3        Slime (0/5) Lair:5
    Orc: D:9-12

Altars:
Dithmenos
Hepliaklqana
Nemelex Xobeh
Okawaru
Qazlal
Trog
Uskayaw
Vehumet
Wu Jian
Xom

Shops:
D:4 *

Annotations:
D:7 2 transporters, laros's ghost, amateur MiBe
D:10 Psyche
Lair:4 3 runed translucent doors, bimbombam's ghost, journeyman AtFi
Lair:5 1 runed translucent door


Innate Abilities, Weirdness & Mutations

((You are very nimble when in or above water. (Stealth+, EV+, Speed+++)))
Your lower body shifts to a powerful aquatic tail in water.
[You have an uncontrollable temper.]
[Armour fits poorly on your strangely shaped body.]
[Your body often deteriorates upon taking damage.]
[You are very frail. (-20% HP)]
[Your magical capacity is very low. (-20% MP)]
[You frequently scream uncontrollably at your foes.]
[You are very weak. (Str -4)]
[You are extremely vulnerable to cold. (rC---)]
[You are extremely vulnerable to heat. (rF---)]


Message History

You hit the sun demon.
The sun demon is lightly wounded.
The sun demon completely misses you.
You hit the sun demon but do no damage.
The sun demon is lightly wounded.
You block the sun demon's attack.
You hit the sun demon.
The sun demon is lightly wounded.
You block the sun demon's attack.
You hit the sun demon but do no damage.
The sun demon is lightly wounded.
The sun demon completely misses you.
You hit the sun demon but do no damage.
The sun demon is lightly wounded.
The sun demon completely misses you.
You hit the sun demon but do no damage.
The sun demon is lightly wounded.
You hit the sun demon.
The sun demon is lightly wounded.
You block the sun demon's attack.
You hit the sun demon but do no damage.
The sun demon is lightly wounded.
The sun demon completely misses you. x2
You can't go up here!
You hit the sun demon but do no damage.
The sun demon is lightly wounded.
The sun demon completely misses you.
You hit the sun demon.
The sun demon is moderately wounded.
A chaos spawn comes into view.
The chaos spawn bleats!
You hit the sun demon.
The sun demon is moderately wounded.
The sun demon completely misses you.
You hit the sun demon.
The sun demon is moderately wounded.
The sun demon hits you!
* * * LOW HITPOINT WARNING * * *
You are engulfed in flames!!
The fire burns you terribly!
You die...

# .
.#..### ##
#.# .. #
.#####. .#
....#...#
#.### ..
..#.. #.#
#.##..†. #
#@#...#
##34.#..#.
.
.##......#
. #.
######..
##.# ## .
#. . . .
## . .


You could see a sun demon and a chaos spawn.

Vanquished Creatures
  Kirke (Lair:2)
  7 hydras
  A fire dragon (Lair:1)
  A catoblepas (Lair:5)
  A two-headed ogre (D:9)
  2 boulder beetles
  2 skysharks
  A wretched star (Abyss:2)
  Amaemon (Lair:3)
  An orc knight (D:9)
  Pikel (D:8)
  8 elephants
  6 black mambas
  A torpor snail (Lair:3)
  A guardian serpent (Lair:1)
  15 cane toads
  An orange demon (Lair:3)
  A large abomination (Abyss:2)
  6 rime drakes
  6 komodo dragons
  An efreet (D:9)
  Prince Ribbit (D:6)
  2 polar bears
  8 hornets
  A snapping turtle (Lair:2)
  6 blink frogs
  5 dream sheep (Lair:4)
  A raiju (Abyss:2)
  Sigmund (D:3)
  A spriggan (Lair:3)
  Eustachio (D:4)
  5 wyverns
  A wraith (D:9)
  A chaos spawn (Abyss:2)
  A fire elemental (Lair:1)
  48 yaks
  A basilisk (Lair:3)
  4 fire bats (Lair:1)
  3 steam dragons
  5 hogs (Lair:2)
  Edmund (D:4)
  11 water moccasins
  3 black bears
  An ice beast (D:5)
  An orc warrior (D:6)
  2 sky beasts
  3 centaurs (D:9)
  An ogre (D:5)
  10 wolves
  A phantom (D:5)
  11 bullfrogs
  2 gnoll sergeants
  12 wights
  9 killer bees
  A howler monkey (D:5)
  5 hounds
  5 jellies
  2 orc priests
  A sleepcap (D:8)
  3 iguanas
  Jessica (D:3)
  4 orc wizards
  7 hell rats
  Robin (D:4)
  12 adders
  9 gnolls
  A shadow imp (D:6)
  An ufetubus (D:6)
  3 worms
  3 dart slugs
  27 orcs
  6 bats
  6 endoplasms
  7 giant cockroaches
  13 goblins
  12 hobgoblins
  3 quokkas
  8 ball pythons
  3 frilled lizards
  8 kobolds
  8 rats
389 creatures vanquished.

Vanquished Creatures (others)
  A killer bee (D:9)
1 creature vanquished.

Grand Total: 390 creatures vanquished

Notes
Turn   | Place    | Note
-------+----------+-------------------------------------------
     0 | D:1      | woodworker the Merfolk Gladiator began the quest for the
                  | Orb.
     0 | D:1      | Reached XP level 1. HP: 16/16 MP: 1/1
   147 | D:1      | Reached XP level 2. HP: 23/23 MP: 2/2
   220 | D:1      | Reached XP level 3. HP: 15/28 MP: 3/3
   706 | D:2      | Reached skill level 1 in Shields
  1046 | D:2      | Reached XP level 4. HP: 34/34 MP: 4/4
  1566 | D:2      | Reached skill level 5 in Long Blades
  1742 | D:3      | Reached XP level 5. HP: 41/41 MP: 5/5
  1811 | D:3      | Identified the +5 dagger "Zikh" {drain, Dex+4 SInv}
  1818 | D:3      | Noticed Jessica
  1834 | D:3      | Killed Jessica
  1835 | D:3      | Reached skill level 5 in Dodging
  2049 | D:3      | Noticed Sigmund
  2082 | D:3      | Killed Sigmund
  2083 | D:3      | Reached XP level 6. HP: 14/48 MP: 6/6
  2253 | D:3      | Found a sparkling altar of Nemelex Xobeh.
  2354 | D:3      | Found a stormy altar of Qazlal.
  2960 | D:4      | Noticed a black bear
  2960 | D:4      | Noticed Robin
  2976 | D:4      | Killed Robin
  2995 | D:4      | Killed a black bear
  2996 | D:4      | Reached skill level 1 in Short Blades
  2996 | D:4      | Reached XP level 7. HP: 27/54 MP: 7/7
  3205 | D:4      | Noticed Eustachio
  3222 | D:4      | Killed Eustachio
  3223 | D:4      | Reached skill level 6 in Dodging
  3332 | D:4      | Noticed Edmund
  3348 | D:4      | Killed Edmund
  3600 | D:4      | Found Ophautiy's Neck Hole.
  3900 | D:4      | Bought a +1 cloak for 115 gold pieces
  3928 | D:5      | Entered Level 5 of the Dungeon
  3982 | D:5      | Found an iron altar of Okawaru.
  3988 | D:5      | Reached XP level 8. HP: 61/61 MP: 8/8
  3994 | D:5      | Became a worshipper of Warmaster Okawaru
  4522 | D:5      | Reached skill level 5 in Fighting
  4731 | D:5      | Reached skill level 5 in Short Blades
  4742 | D:5      | Reached skill level 7 in Dodging
  4823 | D:5      | Found a bloodstained altar of Trog.
  4995 | D:6      | Noticed Prince Ribbit
  5016 | D:6      | Killed Prince Ribbit
  5016 | D:6      | Reached * piety under Okawaru
  5134 | D:6      | Found a staircase to the Ecumenical Temple.
  5420 | D:6      | Reached XP level 9. HP: 69/69 MP: 9/9
  5675 | D:6      | Found a hazy altar of Hepliaklqana.
  5707 | D:6      | Reached skill level 5 in Shields
  6099 | D:7      | Reached skill level 8 in Dodging
  6373 | D:7      | Reached ** piety under Okawaru
  6999 | D:7      | Found a transporter.
  6999 | D:7      | Noticed laros's ghost (amateur MiBe)
  7001 | D:7      | Found a transporter.
  7015 | D:7      | Noticed an unseen horror
  7027 | D:7      | Reached skill level 9 in Dodging
  7484 | D:8      | Noticed Pikel
  7498 | D:8      | Killed Pikel
  7499 | D:8      | Reached skill level 10 in Dodging
  7499 | D:8      | Reached XP level 10. HP: 73/79 MP: 10/10
  7509 | D:8      | Reached *** piety under Okawaru
  7566 | D:8      | Found an ornate altar of the Wu Jian Council.
  7644 | D:8      | Found a staircase to the Lair.
  8098 | D:8      | Found a shadowy altar of Dithmenos.
  8152 | D:9      | Found a shimmering altar of Xom.
  8153 | D:9      | Found a hide-covered altar of Uskayaw.
  8264 | D:9      | Noticed a two-headed ogre
  8285 | D:9      | Killed a two-headed ogre
  8286 | D:9      | Reached skill level 11 in Dodging
  8655 | D:9      | Reached **** piety under Okawaru
  8656 | D:9      | Reached skill level 12 in Dodging
  8967 | D:9      | Reached skill level 13 in Dodging
  9108 | D:9      | Reached XP level 11. HP: 44/89 MP: 11/11
  9386 | D:10     | Entered Level 10 of the Dungeon
  9406 | D:9      | Identified a scroll of acquirement
  9406 | D:9      | Acquired the ring "Mylokh" {Str+5 Dex+6}
  9438 | D:10     | Noticed a skeletal warrior
  9526 | D:10     | Noticed a deep elf pyromancer
  9526 | D:10     | Noticed an orc knight
  9526 | D:10     | Noticed Psyche
  9558 | D:9      | Killed an orc knight
  9559 | D:9      | Reached skill level 14 in Dodging
  9588 | Lair:1   | Entered Level 1 of the Lair of Beasts
  9708 | Lair:1   | Reached ***** piety under Okawaru
  9709 | Lair:1   | Reached skill level 15 in Dodging
 10107 | Lair:1   | Noticed an eight-headed hydra
 10135 | Lair:1   | Killed an eight-headed hydra
 10136 | Lair:1   | Reached skill level 16 in Dodging
 10177 | Lair:1   | Noticed a boulder beetle
 10230 | Lair:1   | Killed a boulder beetle
 10243 | Lair:1   | Found the +3 pair of seven-league boots {Rampage+∞}
 10252 | Lair:1   | Received a gift from Okawaru
 10378 | Lair:1   | Reached skill level 17 in Dodging
 10423 | Lair:1   | Noticed a fire dragon
 10478 | Lair:1   | Killed a fire dragon
 10478 | Lair:1   | Reached ****** piety under Okawaru
 10479 | Lair:1   | Reached skill level 18 in Dodging
 10479 | Lair:1   | Reached XP level 12. HP: 32/95 MP: 12/12
 10938 | Lair:2   | Noticed a skyshark
 10960 | Lair:2   | Killed a skyshark
 10960 | Lair:2   | Received a gift from Okawaru
 10976 | Lair:2   | Noticed a four-headed hydra
 11094 | Lair:2   | Reached skill level 19 in Dodging
 11234 | Lair:2   | Noticed a five-headed hydra
 11252 | Lair:2   | Killed a five-headed hydra
 11378 | Lair:2   | Found a dark tunnel.
 11480 | Lair:2   | Got Cigotuvi's Codex of Necromancy and the Shift
 11533 | Lair:2   | Noticed an eight-headed hydra
 11549 | Lair:2   | Killed an eight-headed hydra
 11550 | Lair:2   | Reached skill level 20 in Dodging
 11666 | Lair:2   | Received a gift from Okawaru
 11720 | Lair:2   | Found a staircase to the Shoals.
 11743 | Lair:2   | Received a gift from Okawaru
 11877 | Lair:2   | Killed a four-headed hydra
 12096 | Lair:3   | Reached skill level 21 in Dodging
 12247 | Lair:3   | Noticed Kirke
 12273 | Lair:3   | Noticed a sphinx
 12473 | Lair:3   | Found a staircase to the Snake Pit.
 12515 | Lair:2   | Reached XP level 13. HP: 101/101 MP: 13/13
 12570 | Lair:3   | Noticed a sphinx
 12575 | Lair:2   | Reached skill level 22 in Dodging
 12591 | Lair:2   | Killed Kirke
 12758 | Lair:3   | Noticed Amaemon
 12793 | Lair:3   | Killed Amaemon
 12964 | Lair:3   | Found a radiant altar of Vehumet.
 13277 | Lair:4   | Reached skill level 23 in Dodging
 13389 | Lair:4   | Found a runed translucent gate.
 13391 | Lair:4   | Found a runed translucent gate.
 13391 | Lair:4   | Noticed bimbombam's ghost (journeyman AtFi)
 13392 | Lair:4   | Found a runed translucent gate.
 13825 | Lair:4   | Received a gift from Okawaru
 14399 | Lair:5   | Entered Level 5 of the Lair of Beasts
 14578 | Lair:5   | Reached skill level 24 in Dodging
 14873 | Lair:5   | Received a gift from Okawaru
 14890 | Lair:5   | Reached XP level 14. HP: 108/108 MP: 14/14
 15023 | Lair:5   | Identified the +2 chain mail of Duck's Teeth {rC+} (Okawaru
                  | gifted it to you on level 5 of the Lair of Beasts)
 15023 | Lair:5   | Received a gift from Okawaru
 15060 | Lair:5   | Reached skill level 25 in Dodging
 15128 | Lair:5   | Found a runed translucent door.
 15129 | Lair:5   | Found a staircase to the Slime Pits.
 15201 | Lair:5   | Reached skill level 10 in Fighting
 15570 | Abyss:2  | Cast into level 2 of the Abyss (a wizard)
 15724 | Abyss:2  | Demolished by a sun demon

Illustrated notes

Levels and vault maps discovered:
D:1:      lemuel_arrival_funnel, layout_rooms, minmay_domino_4
D:2:      layout_loops_corners, minmay_misc_feat_more_columns
D:3:      layout_basic, mainiacjoe_overflow_boulevard,
          nemelex_spade_bored_becter, chequers_decorated_corner,
          minmay_misc_feat_enclosed, minmay_puff, uniq_jessica, uniq_sigmund
D:4:      layout_loops_corners, nicolae_shop_sticking_my_neck_out, uniq_robin,
          uniq_edmund, uniq_eustachio
D:5:      layout_cave_pods, lightli_temple_of_fire, okawaru_gym_becter,
          kennysheep_opposing_triangles
D:6:      layout_loops_corners, nzn_hepliaklqana_mist_gate,
          minmay_temple_entry_arrows, uniq_prince_ribbit1
D:7:      layout_basic, gammafunk_ghost_arena
D:8:      layout_basic, nicolae_wu_jian_wuxing_cycle,
          nicolae_dithmenos_through_a_glass_darkly, lair_entry_dummy, uniq_pikel
D:9:      minmay_distorted_concentric_squares, layout_loops_cross,
          grunt_temple_overflow_open, minmay_misc_feat_room
D:10:     layout_cave_pools, minmay_diamond_spiral, uniq_psyche
Lair:1:   dragon1_lemuel, layout_misc_corridors,
          hellmonk_guarded_unrand_seven_league_boots
Lair:2:   layout_gridlike, minmay_shoals_entry_hut, nicolae_volcano_entry_s_turn
Lair:3:   layout_cave_shapes, dummy_snake_entry, basic_altar, st_stairs_5,
          grunt_forest_stairs_clearing, uniq_amaemon, uniq_kirke
Lair:4:   layout_cave_pods, gammafunk_ghost_hydra_chop, dreamdust_wasp_nest,
          grunt_megastairs_2, infiniplex_staircase_pool
Lair:5:   evil_forest, layout_hall_layers, slime_entry_2
Abyss:2:  base: D:14, spicy_abyss_rude_harpoons

Skill      XL: |  1  2  3  4  5  6  7  8  9 10 11 12 13 14 |
---------------+-------------------------------------------+-----
Long Blades    | 4 5 6 |  6.2
Shields        | 1 2 3 4 5 |  5.0
Fighting       | 3 4 5 7 9 10 | 10.3
Dodging        | 5 6 7 10 13 18 21 24 25 | 25.4
Short Blades   | 1 4 6 9 |  9.1
Throwing       | |  2.0

Action                     |  1- 3 |  4- 6 |  7- 9 | 10-12 | 13-15 || total
---------------------------+-------+-------+-------+-------+-------++-------
  Melee: Long sword        |   108 |   138 |     9 |       |       ||   255
         Dagger            |       |    43 |   375 |   963 |  1051 ||  2432
         Unarmed           |       |       |       |     1 |       ||     1
         Tailslap          |       |       |       |       |     1 ||     1
  Throw: Throwing net      |     1 |       |       |     3 |       ||     4
 Invoke: Heroism           |       |       |     2 |       |       ||     2
    Use: Scroll            |       |     7 |       |    24 |       ||    31
         Potion            |       |       |     1 |     3 |       ||     4
   Stab: Sleeping          |       |       |     1 |     6 |     3 ||    10
         Distracted        |       |       |     1 |       |       ||     1
         Held in net/web   |       |       |       |     1 |       ||     1
         Petrified         |       |       |       |       |     3 ||     3
 Armour: Leather armour    |    27 |    50 |    42 |    19 |       ||   138
         Steam dragon scal |       |       |       |    75 |    86 ||   161
  Dodge: Dodged            |    67 |   107 |   190 |   776 |   911 ||  2051
  Block: Buckler           |    19 |    63 |   104 |   410 |   471 ||  1067
